[ PARTIDA AOE2 · #495287781 ]
UnrankedCoreanos vs Portuguese
Equipo del jugador · DERR
Equipo rival · VICT
[ ANÁLISIS DE REPETICIÓN · EXTRAÍDO DE LA PARTIDA GRABADA ]
Feudal
11:02
Castillos
21:16
Imperial
32:14
| APM promedio | 39.1 |
| APM pico | 77 |
| eAPM promedio | 23.7 |
| Aldeanos / militares | 178 / 275 |
Foco
⚔️ 39.8% · 🌾 60.2%
Scout Cavalry ×102 · Fire Lancer ×72 · Spearman ×37 · Fishing Ship ×35 · Bombard Cannon ×27 · Skirmisher ×15
Feudal
12:06
Castillos
16:56
Imperial
32:15
| APM promedio | 51.1 |
| APM pico | 82 |
| eAPM promedio | 28.1 |
| Aldeanos / militares | 225 / 298 |
Foco
⚔️ 36.4% · 🌾 63.6%
Scout Cavalry ×122 · Hand Cannoneer ×97 · Spearman ×36 · Fishing Ship ×19 · Bombard Cannon ×14 · Archer ×9
Mapa de la partida
Recursos iniciales + cada clic de construcción. Líneas = muros · curvas = relieve. ◆ oro · ⬟ piedra · ● bayas · ✦ reliquia · ◌ hueco del cierre
Tu base· Abierta — flanco sin cerrar
Base de Ligéis· Abierta — flanco sin cerrar
Terreno inicial suavizado · ◌ = hueco del cierre detectado · pasá el cursor para detalles
Inputs por minuto
— __24_Thorfin_Arg - - Ligéis
Build order — __24_Thorfin_Arg
Primeras 150 de 650 acciones detectadas
| 0:01 | Crear | Villager (Male) |
| 0:02 | Construir | House |
| 0:04 | Construir | House |
| 0:04 | Crear | Villager (Male) |
| 0:04 | Crear | Villager (Male) |
| 0:04 | Crear | Villager (Male) |
| 1:22 | Construir | Lumber Camp |
| 1:36 | Crear | Villager (Male) |
| 1:37 | Crear | Villager (Male) |
| 2:10 | Crear | Villager (Male) |
| 2:10 | Crear | Villager (Male) |
| 2:34 | Crear | Villager (Male) |
| 3:01 | Crear | Villager (Male) |
| 3:01 | Crear | Villager (Male) |
| 3:20 | Crear | Villager (Male) |
| 3:20 | Crear | Villager (Male) |
| 3:46 | Construir | Dock |
| 3:52 | Crear | Villager (Male) |
| 3:52 | Crear | Villager (Male) |
| 4:10 | Construir | House |
| 4:12 | Investigar | Loom |
| 4:16 | Crear | Villager (Male) |
| 4:16 | Crear | Villager (Male) |
| 5:04 | Crear | Fishing Ship |
| 5:05 | Crear | Villager (Male) |
| 5:09 | Crear | Villager (Male) |
| 5:15 | Construir | House |
| 5:21 | Crear | Villager (Male) |
| 5:44 | Crear | Fishing Ship |
| 5:45 | Crear | Villager (Male) |
| 6:15 | Construir | Palisade Wall |
| 6:16 | Construir | Palisade Wall |
| 6:24 | Crear | Fishing Ship |
| 6:31 | Construir | Palisade Wall |
| 6:37 | Crear | Villager (Male) |
| 6:50 | Construir | Palisade Wall |
| 6:53 | Construir | House |
| 6:56 | Crear | Villager (Male) |
| 6:58 | Crear | Fishing Ship |
| 7:18 | Crear | Villager (Male) |
| 7:18 | Crear | Villager (Male) |
| 7:44 | Crear | Villager (Male) |
| 8:05 | Construir | Palisade Wall |
| 8:20 | Crear | Villager (Male) |
| 8:31 | Crear | Villager (Male) |
| 8:47 | Construir | Barracks |
| 8:50 | Investigar | Feudal Age |
| 9:14 | Construir | Mining Camp |
| 9:40 | Crear | Militia |
| 9:40 | Crear | Militia |
| 10:00 | Construir | Dock |
| 10:26 | Crear | Villager (Male) |
| 10:38 | Construir | House |
| 10:46 | Crear | Fishing Ship |
| 10:46 | Crear | Fishing Ship |
| 10:53 | Crear | Militia |
| 11:02 | Edad | Edad Feudal |
| 11:07 | Investigar | Man-at-Arms (upgrade) |
| 11:16 | Construir | Archery Range |
| 11:19 | Crear | Militia |
| 11:29 | Crear | Villager (Male) |
| 11:53 | Crear | Militia |
| 11:58 | Crear | Villager (Male) |
| 12:00 | Crear | Fishing Ship |
| 12:00 | Crear | Fishing Ship |
| 12:15 | Construir | House |
| 12:16 | Construir | House |
| 12:19 | Crear | Skirmisher |
| 12:19 | Crear | Skirmisher |
| 12:34 | Crear | Militia |
| 12:34 | Crear | Spearman |
| 12:51 | Crear | Villager (Male) |
| 12:56 | Construir | Palisade Wall |
| 13:01 | Construir | House |
| 13:24 | Crear | Militia |
| 13:26 | Crear | Skirmisher |
| 13:32 | Crear | Villager (Male) |
| 13:34 | Crear | Skirmisher |
| 13:35 | Crear | Militia |
| 13:55 | Construir | House |
| 13:59 | Crear | Fishing Ship |
| 13:59 | Crear | Fishing Ship |
| 14:05 | Crear | Skirmisher |
| 14:17 | Crear | Villager (Male) |
| 14:24 | Construir | Mill |
| 14:29 | Construir | Blacksmith |
| 14:30 | Crear | Villager (Male) |
| 14:42 | Crear | Archer |
| 14:47 | Crear | Skirmisher |
| 14:48 | Crear | Militia |
| 14:50 | Crear | Villager (Male) |
| 14:54 | Crear | Villager (Male) |
| 14:58 | Crear | Fishing Ship |
| 14:58 | Crear | Fishing Ship |
| 14:59 | Crear | Villager (Male) |
| 15:20 | Investigar | Fletching |
| 15:23 | Crear | Militia |
| 15:37 | Construir | Palisade Wall |
| 15:40 | Crear | Villager (Male) |
| 15:50 | Crear | Militia |
| 15:57 | Construir | House |
| 16:03 | Construir | House |
| 16:05 | Construir | House |
| 16:23 | Crear | Fishing Ship |
| 16:24 | Crear | Fishing Ship |
| 16:25 | Investigar | Double-Bit Axe |
| 16:30 | Crear | Militia |
| 16:37 | Investigar | Arson |
| 16:44 | Construir | House |
| 17:12 | Construir | Dock |
| 17:18 | Crear | Fishing Ship |
| 17:19 | Crear | Fishing Ship |
| 17:19 | Crear | Fishing Ship |
| 17:19 | Crear | Fishing Ship |
| 17:19 | Crear | Fishing Ship |
| 17:35 | Construir | Market |
| 17:38 | Construir | House |
| 17:51 | Crear | Villager (Male) |
| 18:05 | Crear | Fishing Ship |
| 18:05 | Crear | Fishing Ship |
| 18:36 | Investigar | Castle Age |
| 19:09 | Crear | Fishing Ship |
| 19:09 | Crear | Fishing Ship |
| 19:14 | Construir | Lumber Camp |
| 19:17 | Crear | Spearman |
| 19:28 | Investigar | Forging |
| 19:31 | Investigar | Scale Mail Armor |
| 19:48 | Investigar | Gold Mining |
| 19:53 | Construir | Fish Trap |
| 20:01 | Construir | Mining Camp |
| 20:11 | Construir | Fish Trap |
| 20:35 | Crear | Fishing Ship |
| 21:02 | Investigar | Horse Collar |
| 21:09 | Investigar | Town Watch |
| 21:16 | Edad | Edad de los Castillos |
| 21:21 | Crear | Fire Lancer |
| 21:22 | Crear | Fire Lancer |
| 21:22 | Crear | Villager (Male) |
| 21:27 | Construir | House |
| 21:30 | Construir | House |
| 21:36 | Construir | Barracks |
| 21:39 | Investigar | Iron Casting |
| 21:44 | Crear | Villager (Male) |
| 21:53 | Crear | Villager (Male) |
| 22:08 | Crear | Villager (Male) |
| 22:13 | Investigar | Chain Mail Armor |
| 22:27 | Construir | Monastery |
| 22:41 | Construir | Town Center |
| 22:41 | Crear | Villager (Male) |
| 22:49 | Construir | Town Center |
Build order — Ligéis
Primeras 150 de 755 acciones detectadas
| 0:00 | Crear | Villager (Male) |
| 0:01 | Crear | Villager (Male) |
| 0:02 | Construir | House |
| 0:04 | Construir | House |
| 0:11 | Crear | Villager (Male) |
| 0:11 | Crear | Villager (Male) |
| 1:29 | Crear | Villager (Male) |
| 1:30 | Crear | Villager (Male) |
| 2:00 | Crear | Villager (Male) |
| 2:21 | Crear | Villager (Male) |
| 2:46 | Crear | Villager (Male) |
| 2:46 | Crear | Villager (Male) |
| 2:52 | Construir | Lumber Camp |
| 3:01 | Crear | Villager (Male) |
| 3:38 | Crear | Villager (Male) |
| 3:38 | Crear | Villager (Male) |
| 3:51 | Crear | Villager (Male) |
| 4:05 | Construir | House |
| 4:17 | Crear | Villager (Male) |
| 4:56 | Crear | Villager (Male) |
| 4:56 | Crear | Villager (Male) |
| 5:03 | Construir | Dock |
| 5:05 | Crear | Villager (Male) |
| 5:36 | Crear | Villager (Male) |
| 5:50 | Construir | House |
| 6:10 | Crear | Villager (Male) |
| 6:10 | Crear | Villager (Male) |
| 6:11 | Crear | Villager (Male) |
| 6:18 | Crear | Fishing Ship |
| 6:18 | Crear | Fishing Ship |
| 6:30 | Crear | Villager (Male) |
| 6:30 | Crear | Villager (Male) |
| 6:49 | Crear | Fishing Ship |
| 7:05 | Crear | Villager (Male) |
| 7:17 | Construir | House |
| 7:20 | Crear | Villager (Male) |
| 7:41 | Crear | Fishing Ship |
| 7:52 | Crear | Villager (Male) |
| 8:13 | Crear | Fishing Ship |
| 8:14 | Crear | Villager (Male) |
| 8:40 | Construir | Mill |
| 9:02 | Construir | House |
| 9:13 | Investigar | Loom |
| 9:13 | Investigar | Feudal Age |
| 9:49 | Crear | Fishing Ship |
| 9:49 | Crear | Fishing Ship |
| 10:22 | Crear | Villager (Male) |
| 10:41 | Construir | Barracks |
| 11:16 | Construir | House |
| 11:32 | Construir | Mining Camp |
| 11:46 | Construir | House |
| 11:48 | Construir | Palisade Wall |
| 12:00 | Construir | House |
| 12:02 | Construir | Palisade Wall |
| 12:04 | Construir | House |
| 12:06 | Edad | Edad Feudal |
| 12:08 | Construir | Palisade Wall |
| 12:12 | Crear | Villager (Male) |
| 12:28 | Crear | Villager (Male) |
| 12:57 | Construir | Archery Range |
| 13:26 | Crear | Villager (Male) |
| 13:33 | Construir | Blacksmith |
| 13:35 | Crear | Villager (Male) |
| 13:58 | Construir | House |
| 14:05 | Investigar | Castle Age |
| 14:19 | Investigar | Double-Bit Axe |
| 14:50 | Construir | Stable |
| 15:07 | Crear | Fishing Ship |
| 15:25 | Crear | Villager (Male) |
| 15:38 | Construir | Dock |
| 15:43 | Investigar | Bloodlines |
| 16:11 | Construir | Watch Tower |
| 16:34 | Construir | Market |
| 16:36 | Crear | Villager (Male) |
| 16:51 | Construir | Palisade Wall |
| 16:56 | Edad | Edad de los Castillos |
| 17:13 | Crear | Villager (Male) |
| 17:14 | Crear | Knight |
| 17:14 | Crear | Knight |
| 17:25 | Crear | Villager (Male) |
| 17:51 | Crear | Fishing Ship |
| 18:13 | Crear | Villager (Male) |
| 18:41 | Construir | Town Center |
| 18:47 | Crear | Villager (Male) |
| 18:47 | Crear | Villager (Male) |
| 18:52 | Crear | Villager (Male) |
| 19:00 | Construir | Dock |
| 19:08 | Construir | Farm |
| 19:08 | Investigar | Horse Collar |
| 19:11 | Crear | Villager (Male) |
| 19:29 | Construir | Farm |
| 19:31 | Crear | Villager (Male) |
| 19:58 | Crear | Knight |
| 20:12 | Construir | Town Center |
| 20:35 | Crear | Villager (Male) |
| 20:41 | Crear | Fishing Ship |
| 20:41 | Crear | Fishing Ship |
| 20:41 | Crear | Fishing Ship |
| 20:41 | Crear | Fishing Ship |
| 20:42 | Crear | Fishing Ship |
| 20:55 | Construir | Fish Trap |
| 20:58 | Construir | Fish Trap |
| 20:59 | Crear | Villager (Male) |
| 20:59 | Crear | Villager (Male) |
| 21:09 | Crear | Villager (Male) |
| 21:31 | Crear | Villager (Male) |
| 21:44 | Construir | Farm |
| 21:48 | Crear | Villager (Male) |
| 21:50 | Construir | Farm |
| 21:52 | Construir | Farm |
| 21:54 | Construir | Farm |
| 22:06 | Crear | Villager (Male) |
| 22:09 | Crear | Villager (Male) |
| 22:10 | Construir | Farm |
| 22:14 | Crear | Fishing Ship |
| 22:14 | Crear | Fishing Ship |
| 22:31 | Crear | Knight |
| 22:34 | Crear | Villager (Male) |
| 22:34 | Crear | Villager (Male) |
| 22:40 | Construir | Dock |
| 22:43 | Crear | Villager (Male) |
| 22:45 | Construir | Farm |
| 22:53 | Construir | House |
| 22:56 | Construir | House |
| 22:59 | Crear | Villager (Male) |
| 23:04 | Construir | Farm |
| 23:09 | Construir | Farm |
| 23:36 | Crear | Villager (Male) |
| 23:36 | Crear | Villager (Male) |
| 23:36 | Crear | Villager (Male) |
| 23:36 | Crear | Villager (Male) |
| 23:44 | Construir | House |
| 23:44 | Construir | House |
| 23:45 | Construir | House |
| 23:45 | Construir | House |
| 23:45 | Construir | House |
| 23:49 | Crear | Villager (Male) |
| 23:50 | Crear | Villager (Male) |
| 23:50 | Crear | Villager (Male) |
| 24:07 | Crear | Villager (Male) |
| 24:07 | Crear | Villager (Male) |
| 24:11 | Construir | Farm |
| 24:13 | Crear | Villager (Male) |
| 24:13 | Crear | Villager (Male) |
| 24:17 | Crear | Villager (Male) |
| 24:22 | Crear | Fishing Ship |
| 24:22 | Crear | Fishing Ship |
| 24:22 | Crear | Fishing Ship |
| 24:28 | Construir | House |
| 24:28 | Construir | House |
Cronología de la partida
| 3:46 | __24_Thorfin_Arg · first_building Dock |
| 5:03 | Ligéis · first_building Dock |
| 6:15 | __24_Thorfin_Arg · wall_segment Palisade Wall x1 |
| 6:16 | __24_Thorfin_Arg · wall_segment Palisade Wall x1 |
| 6:31 | __24_Thorfin_Arg · wall_segment Palisade Wall x1 |
| 6:50 | __24_Thorfin_Arg · wall_segment Palisade Wall x4 |
| 8:05 | __24_Thorfin_Arg · wall_segment Palisade Wall x5 |
| 8:47 | __24_Thorfin_Arg · first_building Barracks |
| 10:41 | Ligéis · first_building Barracks |
| 11:02 | __24_Thorfin_Arg · age_up feudal |
| 11:16 | __24_Thorfin_Arg · first_building Archery Range |
| 11:48 | Ligéis · wall_segment Palisade Wall x1 |
| 12:02 | Ligéis · wall_segment Palisade Wall x1 |
| 12:06 | Ligéis · age_up feudal |
| 12:08 | Ligéis · wall_segment Palisade Wall x1 |
| 12:56 | __24_Thorfin_Arg · wall_segment Palisade Wall x1 |
| 12:57 | Ligéis · first_building Archery Range |
| 14:50 | Ligéis · first_building Stable |
| 15:37 | __24_Thorfin_Arg · wall_segment Palisade Wall x1 |
| 16:51 | Ligéis · wall_segment Palisade Wall x1 |
| 16:56 | Ligéis · age_up castle |
| 17:24 | Ligéis · first_market_buy 100 food |
| 21:16 | __24_Thorfin_Arg · age_up castle |
| 22:27 | __24_Thorfin_Arg · first_building Monastery |
| 25:24 | Ligéis · first_building Castle |
| 26:47 | __24_Thorfin_Arg · first_building Siege Workshop |
| 28:36 | __24_Thorfin_Arg · first_market_sell 100 food |
| 29:00 | Ligéis · first_market_sell 100 stone |
| 29:32 | __24_Thorfin_Arg · first_building Castle |
| 32:14 | __24_Thorfin_Arg · age_up imperial |
| 32:15 | Ligéis · age_up imperial |
| 32:49 | Ligéis · first_building Siege Workshop |
| 42:00 | __24_Thorfin_Arg · first_building Stable |
| 46:48 | __24_Thorfin_Arg · first_market_buy 100 stone |
| 55:32 | __24_Thorfin_Arg · resign |
[ ANÁLISIS IA · 1 CRÉDITO ]
¿Qué pasó realmente en esta partida?
Wolo.gg analiza cada decisión: build order, eco, micro, errores típicos por bracket. Análisis personalizado por WhatsApp o Discord en 30 segundos.
Guía civ
Coreanos
Perfil
__24_Thorfin_Arg